 Dungeon Crawl Stone Soup version 0.29-a0-653-gd47aff6735 (webtiles) character file.

Game seed: 13988813987657948460

97190 Grwwl the Thrower (level 16, 0/126 HPs)
             Began as a Gnoll Wanderer on June 17, 2022.
             Was a High Priest of Ignis.
             Slain by a spark wasp (15 damage)
             ... on level 3 of the Lair of Beasts on June 21, 2022.
             The game lasted 01:55:28 (33798 turns).

Grwwl the Thrower (Gnoll Wanderer)                 Turns: 33798, Time: 01:55:29

Health: 0/126      AC: 32    Str: 21    XL:     16   Next: 19%
Magic:  39/39      EV: 15    Int: 13    God:    Ignis [*****.]
Gold:   1204       SH:  5    Dex: 10    Spells: 29/36 levels left

rFire   + . .      SeeInvis .   x - +3 broad axe
rCold   . . .      Faith    .   (no shield)
rNeg    . . .      Spirit   .   w - +18 Lear's hauberk
rPois   +          Reflect  +   (helmet currently unavailable)
rElec   +          Harm     .   G - +1 cloak {Will+}
rCorr   .          Rampage  .   (gloves currently unavailable)
Will    ++...                   (boots currently unavailable)
Stlth   +.........              r - amulet of reflection
HPRegen 0.31/turn               S - +4 ring of evasion
MPRegen 0.26/turn               i - ring "Wuozango" {rElec rPois MP+9 Str+3 Dex-2}

@: no status effects
A: fangs 1, strong nose, distributed training
a: Renounce Religion, Fiery Armour, Foxfire Swarm, Rising Flame


You were on level 3 of the Lair of Beasts.
You worshipped Ignis.
Ignis was extremely pleased with you.
You visited 5 branches of the dungeon, and saw 25 of its levels.
You also visited: Sewer.

You collected 2013 gold pieces.
You spent 809 gold pieces at shops.

Inventory:

Hand Weapons
 a - a +1 longbow of flaming
 b - the +10 quarterstaff of the Eternal Void {protect, Str+2 Int-2 Dex+5 Stlth+}
   (You found it on level 6 of the Dungeon)

   It grants its wielder temporary protection when it strikes (+7 to AC).
   Str:       It affects your strength (+2).
   Int:       It affects your intelligence (-2).
   Dex:       It affects your dexterity (+5).
   Stlth:     It makes you more stealthy.
 x - a +3 broad axe (weapon)
 O - the +7 trident "Beoha" {flame, rF+}
   (You bought it in a shop on level 2 of the Orcish Mines)

   It burns those it strikes, dealing additional fire damage.
   rF:        It protects you from fire.
Missiles
 c - 10 curare-tipped darts
 k - 3 datura-tipped darts
 l - 4 throwing nets
 o - 69 poisoned darts
 s - 7 boomerangs
 R - 6 atropa-tipped darts
 W - 7 javelins
Armour
 e - the +2 pair of boots of Dogmatism {rElec}
   (You found it on level 5 of the Dungeon)

   rElec:     It insulates you from electricity.
 g - a +1 helmet
 w - the +18 Lear's hauberk (worn)
   (You found it on level 10 of the Dungeon)
 G - a +1 cloak of willpower (worn)
 V - +0 swamp dragon scales
Jewellery
 f - a ring of protection from cold
 i - the ring "Wuozango" (right hand) {rElec rPois MP+9 Str+3 Dex-2}
   (You found it on level 13 of the Dungeon)

   [ring of magical power]

   Str:       It affects your strength (+3).
   Dex:       It affects your dexterity (-2).
   rElec:     It insulates you from electricity.
   rPois:     It protects you from poison.
   MP:        It affects your magic capacity (+9).
 r - an amulet of reflection (around neck)
 t - a +4 ring of slaying
 L - a ring of flight
 P - a ring of see invisible
 S - a +4 ring of evasion (left hand)
 T - an amulet of regeneration
Wands
 p - a wand of acid (25)
 u - a wand of iceblast (19)
 v - a wand of mindburst (20)
 F - a wand of digging (7)
 H - a wand of polymorph (5)
 I - a wand of charming (13)
 U - a wand of flame (24)
Scrolls
 m - 3 scrolls of blinking
 n - 9 scrolls of teleportation
 q - 2 scrolls of fear
 y - 2 scrolls of fog
 C - 2 scrolls of magic mapping
 E - a scroll of enchant weapon
 N - a scroll of poison
 Q - a scroll of identify
 Z - 2 scrolls of vulnerability
Potions
 d - 3 potions of attraction
 h - 8 potions of curing
 j - 5 potions of resistance
 z - 4 potions of mutation
 A - a potion of cancellation
 B - 3 potions of heal wounds
 J - a potion of invisibility
 K - 3 potions of haste
 M - 2 potions of magic
 X - a potion of ambrosia
 Y - 3 potions of might
Miscellaneous
 D - a condenser vane


   Skills:
 + Level 11.6 Fighting
 + Level 10.7 Short Blades
 + Level 10.7 Long Blades
 + Level 10.7 Axes
 + Level 10.7 Maces & Flails
 + Level 10.7 Polearms
 + Level 10.7 Staves
 + Level 10.7 Slings
 + Level 11.6 Bows
 + Level 10.7 Crossbows
 + Level 13.5 Throwing
 + Level 11.0 Armour
 + Level 10.7 Dodging
 + Level 11.0 Stealth
 + Level 10.7 Shields
 + Level 10.7 Unarmed Combat
 + Level 10.7 Spellcasting
 + Level 9.0 Conjurations
 + Level 9.0 Hexes
 + Level 9.0 Summonings
 + Level 9.0 Necromancy
 + Level 9.0 Translocations
 + Level 9.0 Transmutations
 + Level 9.0 Fire Magic
 + Level 9.0 Ice Magic
 + Level 9.0 Air Magic
 + Level 9.0 Earth Magic
 + Level 9.0 Poison Magic
 + Level 11.6 Invocations
 + Level 10.7 Evocations


You had 29 spell levels left.
You knew the following spells:

 Your Spells              Type           Power      Damage    Failure   Level
b - Blink                 Tloc           60%        N/A       2%          2
q - Passwall              Tmut/Erth      25%        N/A       2%          2
s - Swiftness             Air            30%        N/A       4%          3

Your spell library contained the following spells:

 Spells                   Type           Power      Damage    Failure   Level
 Magic Dart               Conj           100%       1d8       1%          1
 Sandblast                Erth           60%        2d14      1%          1
 Ensorcelled Hibernation  Hex/Ice        60%        N/A       2%          2
 Searing Ray              Conj           60%        2d6       2%          2
 Call Canine Familiar     Summ           30%        N/A       4%          3
 Dazzling Flash           Conj/Hex       60%        N/A       4%          3
 Inner Flame              Hex/Fire       30%        N/A       4%          3
 Lesser Beckoning         Tloc           30%        N/A       4%          3
 Portal Projectile        Hex/Tloc       60%        N/A       4%          3
 Stone Arrow              Conj/Erth      60%        3d10      4%          3
 Animate Armour           Summ/Erth      60%        N/A       16%         4
 Cause Fear               Hex            15%        N/A       16%         4
 Corpse Rot               Necr/Pois/Air  30%        N/A       16%         4
 Dispel Undead            Necr           30%        3d14      16%         4
 Fulminant Prism          Conj/Hex       15%        3d11      16%         4
 Leda's Liquefaction      Hex/Erth       15%        N/A       16%         4
 Agony                    Necr           30%        N/A       41%         5
 Borgnjor's Vile Clutch   Necr/Erth      15%        N/A       41%         5
 Iskenderun's Battlesphe  Conj           30%        2d8       41%         5
 Manifold Assault         Tloc           30%        N/A       41%         5
 Silence                  Hex/Air        15%        N/A       41%         5
 Death Channel            Necr           15%        N/A       94%         6
 Iron Shot                Conj/Erth      15%        9d4       94%         6
 Spellforged Servitor     Conj/Summ      15%        N/A       100%        7
 Borgnjor's Revivificati  Necr           15%        N/A       100%        8
 Discord                  Hex            15%        N/A       100%        8
 Infestation              Necr           15%        N/A       100%        8
 Lehudib's Crystal Spear  Conj/Erth      15%        10d5      100%        8
 Necromutation            Tmut/Necr      15%        N/A       100%        8
 Chain Lightning          Conj/Air       15%        3d20      100%        9
 Death's Door             Necr           15%        N/A       100%        9
 Fire Storm               Conj/Fire      15%        8d4       100%        9
 Shatter                  Erth           15%        3d15*     100%        9


Dungeon Overview and Level Annotations

Branches:
Dungeon (15/15)            Temple (1/1) D:5            Lair (6/6) D:8
 Shoals (0/4) Lair:4       Spider (1/4) Lair:3        Slime (0/5) Lair:5
    Orc (2/2) D:11            Elf (0/3) Orc:2        Vaults (0/5) D:13
 Depths (0/4) D:15          Sewer (visited)

Altars:
Ashenzari
Cheibriados
Dithmenos
Elyvilon
Fedhas
Gozag
Hepliaklqana
Kikubaaqudgha
Makhleb
Nemelex Xobeh
Okawaru
Qazlal
Ru
Sif Muna
Trog
Uskayaw
Vehumet
Wu Jian
Xom
Yredelemnul
Zin
The Shining One
Beogh
Ignis

Shops:
D:1 :   D:7 [   D:8 *   Orc:2 (?(

Portals:
Trove: D:14 (give +4 fire dragon scales)

Annotations:
D:12 2 transporters, Grwwl's ghost, journeyman GnWn
Lair:2 2 transporters, Enfaeutchie's ghost, journeyman VSAM
Lair:4 1 runed translucent door, exclusion: oklob plant, Som Pofo's ghost, journeyman DDGl
Lair:5 exclusion: downstairs
Orc:2 2 runed translucent doors, exclusion: orange crystal statue


Innate Abilities, Weirdness & Mutations

You have very sharp teeth.
Your uncanny sense of smell can sniff out nearby items.
Your experience applies equally to all skills.


Message History

The meliai is moderately wounded.
You hit the spark wasp. You hit the meliai but do no damage.
The meliai barely misses you.
The meliai stings you but does no damage.
You block the meliai's attack. The meliai completely misses you.
The spark wasp stings you but does no damage.
The meliai closely misses you. The meliai misses you.
The meliai hits you with a +0 broad axe.
The meliai stings you but does no damage.
You slash the meliai! Your bite misses the meliai.
The meliai is severely wounded.
You slash the meliai!
You hit the spark wasp but do no damage.
The meliai hits you but does no damage. You block the meliai's attack.
The meliai hits you but does no damage. The meliai closely misses you.
The spark wasp barely misses you.
The meliai mumbles some strange prayers to its god against you.
Something smites you! The meliai hits you but does no damage.
You block the meliai's attack. You block the spark wasp's attack.
You slice the meliai!!
You kill the meliai!
You hit the meliai but do no damage. You hit the spark wasp.
The meliai invokes the aid of its god against you.
Something smites you!
* * * LOW HITPOINT WARNING * * *
The spark wasp misses you. The meliai hits you but does no damage.
The meliai misses you.
You closely miss the spark wasp.
The spark wasp is moderately wounded.
You completely miss the meliai. The meliai barely misses you.
The meliai closely misses you. The spark wasp barely misses you.
The meliai closely misses you. The meliai misses you.
You block the spark wasp's attack.
You barely miss the spark wasp.
The spark wasp is moderately wounded.
You miss the meliai.
The meliai hits you with a +0 broad axe!
* * * LOW HITPOINT WARNING * * *
The meliai completely misses you. The spark wasp stings you!
You die...

..............................#
....................P#........#
..............................#
............<.................#
.......................>......#
..............................#
#####.........................#
# ###.##.....)..............#
####......@..#########..#
#.....y.y## #.#.# #........#
##### ##........# #P.......##
##......## #### ##......##
#.P######.......#
#.......#.......#


You could see a spark wasp and a meliai.

Vanquished Creatures
  A minotaur (Lair:3)
  2 dire elephants (Lair:6)
  Snorg (Orc:1)
  The ghost of Zoykot the Martial Artist, a journeyman DsGl (Lair:3)
  Harold (Orc:1)
  2 boulder beetles
  Erolcha (D:12)
  11 hydras
  The ghost of Ceso the Spear-Bearer, a journeyman MfGl of Hepliaklqana (D:13)
  3 centaur warriors
  2 catoblepae
  2 ogre magi
  9 two-headed ogres
  9 death yaks
  3 orc high priests (Orc:2)
  5 tengu warriors
  A spectral death yak (Lair:6)
  A spectral anaconda (Lair:6)
  3 skeletal warriors
  An obsidian statue (Lair:6)
  9 orc knights
  5 necromancers
  A lindwurm (Lair:5)
  2 deep elf zephyrmancers
  2 deep elf pyromancers
  6 ugly things
  4 orc sorcerers (Orc:2)
  4 manticores
  4 centaur zombies (D:15)
  6 cyclopes
  Maurice (D:10)
  15 elephants
  2 naga magi (D:15)
  2 gargoyles (D:12)
  8 black mambas
  6 komodo dragons
  A centaur skeleton (D:15)
  10 cane toads
  2 rime drakes
  An efreet (D:12)
  A tengu conjurer (D:15)
  4 trolls
  A meliai (Lair:3)
  A polar bear (Lair:6)
  Grinder (D:6)
  A spectral elephant (Lair:6)
  10 blink frogs
  17 slime creatures
  A wolf spider simulacrum (D:15)
  7 dream sheep (Lair:6)
  A shadow (D:12)
  2 wraiths (D:12)
  57 yaks
  A vampire (D:12)
  A water elemental (D:14)
  5 wyverns
  2 basilisks
  2 death yak simulacra (Lair:6)
  A steam dragon (D:9)
  5 wargs
  Menkaure (D:6)
  5 acid dragons
  16 water moccasins
  2 ice beasts (D:6)
  20 orc warriors
  6 black bears
  2 sky beasts (D:7)
  7 ogres
  9 wolves
  6 centaurs
  2 elephant skeletons (Lair:6)
  A phantom (D:5)
  6 kobold brigands
  12 bullfrogs
  3 scorpions
  3 wights (D:7)
  8 killer bees
  2 elephant simulacra (Lair:6)
  8 howler monkeys
  An electric eel (D:14)
  13 jellies
  2 hounds (D:4)
  2 gnoll shamans
  16 orc priests
  Crazy Yiuf (D:5)
  An iguana (D:5)
  32 orc wizards
  Robin (D:4)
  11 gnolls
  7 adders
  10 river rats
  A shadow imp (D:5)
  3 white imps
  An ufetubus (D:5)
  2 worms
  2 dart slugs
  85 orcs
  15 ball pythons
  10 endoplasms
  A giant cockroach (D:5)
  11 goblins
  12 hobgoblins
  2 jackals (D:3)
  3 quokkas
  2 bats
  6 frilled lizards
  28 kobolds
  26 rats
698 creatures vanquished.

Vanquished Creatures (collateral kills)
  2 killer bees (D:9)
  An iguana (D:5)
  An orc wizard (D:9)
  An orc (D:9)
5 creatures vanquished.

Vanquished Creatures (others)
  An ogre (Orc:1)
  A killer bee (D:9)
  A gnoll (D:9)
  3 orcs
  2 bushes (Lair:6)
  26 fungi
  38 plants
  35 withered plants (Lair:6)
107 creatures vanquished.

Grand Total: 810 creatures vanquished

Notes
Turn   | Place    | Note
-------+----------+-------------------------------------------
     0 | D:1      | Grwwl the Gnoll Wanderer began the quest for the Orb.
     0 | D:1      | Grwwl set off with the following items: a +3 dagger, 4
                  | curare-tipped darts, a +0 shortbow, a potion of attraction,
                  | a +0 leather armour.
     0 | D:1      | Reached XP level 1. HP: 20/20 MP: 1/1
   203 | D:1      | Reached XP level 2. HP: 26/26 MP: 2/2
   252 | D:1      | Found a faded altar of an unknown god.
   259 | D:1      | Prayed at the altar of an unknown god.
   259 | D:1      | Became a worshipper of Ignis, the Dying Flame
   604 | D:1      | Found Ynlausaa's Book Shop.
   849 | D:2      | Reached XP level 3. HP: 31/31 MP: 3/3
  1257 | D:3      | Reached skill level 1 in Invocations
  1978 | D:3      | Reached skill level 1 in Short Blades
  1978 | D:3      | Reached skill level 1 in Long Blades
  1978 | D:3      | Reached skill level 1 in Axes
  1978 | D:3      | Reached skill level 1 in Maces & Flails
  1978 | D:3      | Reached skill level 1 in Polearms
  1978 | D:3      | Reached skill level 1 in Staves
  1978 | D:3      | Reached skill level 1 in Slings
  1978 | D:3      | Reached skill level 1 in Crossbows
  1978 | D:3      | Reached skill level 1 in Dodging
  1978 | D:3      | Reached skill level 1 in Shields
  1978 | D:3      | Reached skill level 1 in Unarmed Combat
  1978 | D:3      | Reached skill level 1 in Spellcasting
  1978 | D:3      | Reached skill level 1 in Evocations
  1978 | D:3      | Reached XP level 4. HP: 38/38 MP: 5/5
  1994 | D:3      | Reached skill level 1 in Conjurations
  1994 | D:3      | Reached skill level 1 in Hexes
  1994 | D:3      | Reached skill level 1 in Summonings
  1994 | D:3      | Reached skill level 1 in Necromancy
  1994 | D:3      | Reached skill level 1 in Translocations
  1994 | D:3      | Reached skill level 1 in Transmutations
  1994 | D:3      | Reached skill level 1 in Fire Magic
  1994 | D:3      | Reached skill level 1 in Ice Magic
  1994 | D:3      | Reached skill level 1 in Air Magic
  1994 | D:3      | Reached skill level 1 in Earth Magic
  1994 | D:3      | Reached skill level 1 in Poison Magic
  2005 | D:3      | Reached XP level 5. HP: 25/43 MP: 6/6
  2683 | D:4      | Noticed Robin
  2704 | D:4      | Killed Robin
  2978 | D:4      | Reached XP level 6. HP: 50/50 MP: 8/8
  3106 | D:5      | Entered Level 5 of the Dungeon
  3186 | D:5      | Reached skill level 5 in Fighting
  3186 | D:5      | Reached skill level 5 in Bows
  3279 | D:5      | Reached XP level 7. HP: 52/56 MP: 10/10
  3329 | D:5      | Identified the +2 pair of boots of Dogmatism {rElec}
  3344 | D:5      | Found a glowing drain.
  3348 | Sewer    | Entered a sewer
  3778 | Sewer    | Reached skill level 9 in Throwing
  3892 | D:5      | Found an iron altar of Okawaru.
  4080 | D:5      | Reached XP level 8. HP: 63/63 MP: 12/12
  4133 | D:5      | Found a radiant altar of Vehumet.
  4134 | D:5      | Found a sacrificial altar of Ru.
  4134 | D:5      | Found a bloodstained altar of Trog.
  4135 | D:5      | Found a burning altar of Makhleb.
  4264 | D:5      | Found a runed translucent door.
  4265 | D:5      | Noticed Crazy Yiuf
  4325 | D:5      | Found a staircase to the Ecumenical Temple.
  4596 | D:5      | Killed Crazy Yiuf
  4645 | Temple   | Entered the Ecumenical Temple
  5136 | D:6      | Learned a level 2 spell: Blink
  5142 | D:6      | Noticed Grinder
  5146 | D:6      | Killed Grinder
  5188 | D:6      | Reached XP level 9. HP: 45/69 MP: 14/14
  5227 | D:6      | Noticed Menkaure
  5509 | D:6      | Killed Menkaure
  5831 | D:6      | Identified the +10 quarterstaff of the Eternal Void
                  | {protect, Str+2 Int-2 Dex+5 Stlth+}
  6256 | D:7      | Reached skill level 5 in Armour
  6388 | D:7      | Reached skill level 5 in Stealth
  6497 | D:7      | Found Geqagonev's Antique Armour Shoppe.
  6652 | D:7      | Reached skill level 5 in Invocations
  6765 | D:7      | Noticed a cyclops
  7120 | D:7      | Killed a cyclops
  7121 | D:7      | Reached XP level 10. HP: 77/77 MP: 15/17
  7639 | D:8      | Found a staircase to the Lair.
  7676 | D:8      | Reached skill level 5 in Short Blades
  7676 | D:8      | Reached skill level 5 in Long Blades
  7676 | D:8      | Reached skill level 5 in Axes
  7676 | D:8      | Reached skill level 5 in Maces & Flails
  7676 | D:8      | Reached skill level 5 in Polearms
  7676 | D:8      | Reached skill level 5 in Staves
  7676 | D:8      | Reached skill level 5 in Slings
  7676 | D:8      | Reached skill level 5 in Crossbows
  7676 | D:8      | Reached skill level 5 in Dodging
  7676 | D:8      | Reached skill level 5 in Shields
  7676 | D:8      | Reached skill level 5 in Unarmed Combat
  7676 | D:8      | Reached skill level 5 in Spellcasting
  7676 | D:8      | Reached skill level 5 in Evocations
  7868 | D:8      | Found Hupsonod's Serpentskin Sales.
  7876 | D:8      | Bought a scroll of poison for 38 gold pieces
  8189 | D:9      | Reached skill level 10 in Throwing
  8359 | D:9      | Noticed a cyclops
  8383 | D:9      | Killed a cyclops
  8836 | D:9      | Noticed a cyclops
  8858 | D:9      | Killed a cyclops
  9350 | Lair:1   | Entered Level 1 of the Lair of Beasts
  9454 | D:8      | Bought +0 swamp dragon scales for 550 gold pieces
  9520 | Lair:1   | Reached XP level 11. HP: 78/84 MP: 19/19
 10237 | Lair:1   | Reached skill level 5 in Conjurations
 10237 | Lair:1   | Reached skill level 5 in Hexes
 10237 | Lair:1   | Reached skill level 5 in Summonings
 10237 | Lair:1   | Reached skill level 5 in Necromancy
 10237 | Lair:1   | Reached skill level 5 in Translocations
 10237 | Lair:1   | Reached skill level 5 in Transmutations
 10237 | Lair:1   | Reached skill level 5 in Fire Magic
 10237 | Lair:1   | Reached skill level 5 in Ice Magic
 10237 | Lair:1   | Reached skill level 5 in Air Magic
 10237 | Lair:1   | Reached skill level 5 in Earth Magic
 10237 | Lair:1   | Reached skill level 5 in Poison Magic
 11085 | Lair:2   | Found a transporter.
 11088 | Lair:2   | Found a transporter.
 11088 | Lair:2   | Noticed Enfaeutchie's ghost (journeyman VSAM)
 11162 | Lair:2   | Noticed a death yak
 11162 | Lair:2   | Noticed a death yak
 11491 | Lair:2   | Reached XP level 12. HP: 67/93 MP: 22/22
 11716 | Lair:1   | Reached skill level 11 in Throwing
 12196 | Lair:2   | Noticed a death yak
 12254 | Lair:2   | Killed a death yak
 12363 | Lair:2   | Killed a death yak
 12375 | Lair:2   | Killed a death yak
 12941 | Lair:3   | Found a hole to the Spider Nest.
 13357 | Lair:3   | Noticed a six-headed hydra
 13387 | Lair:3   | Killed a one-headed hydra
 13517 | Lair:3   | Noticed a minotaur
 13564 | Lair:3   | Found a runed translucent gate.
 13565 | Lair:3   | Found a runed translucent gate.
 13566 | Lair:3   | Found a runed translucent gate.
 13572 | Lair:3   | Noticed Zoykot's ghost (journeyman DsGl)
 13771 | Lair:3   | Killed a minotaur
 14169 | Lair:3   | Identified the amulet "Kynnil" {RegenMP rC+}
 14246 | Lair:3   | Killed Zoykot's ghost
 14366 | Lair:4   | Noticed a five-headed hydra
 14583 | Lair:4   | Killed a one-headed hydra
 14709 | Lair:4   | Reached XP level 13. HP: 88/101 MP: 24/24
 14929 | Lair:4   | Found a staircase to the Shoals.
 15405 | Lair:4   | Found a runed translucent door.
 15405 | Lair:4   | Found a shimmering altar of Xom.
 15405 | Lair:4   | Noticed Som Pofo's ghost (journeyman DDGl)
 15922 | Lair:5   | Learned a level 2 spell: Passwall
 15926 | Lair:5   | Learned a level 3 spell: Swiftness
 16186 | Lair:5   | Found a staircase to the Slime Pits.
 16561 | Lair:6   | Entered Level 6 of the Lair of Beasts
 17669 | Lair:5   | Reached skill level 12 in Throwing
 18313 | Lair:6   | Reached skill level 10 in Fighting
 18313 | Lair:6   | Reached skill level 10 in Bows
 18315 | Lair:6   | Reached XP level 14. HP: 110/110 MP: 26/26
 19871 | Lair:6   | Noticed a dire elephant
 19899 | Lair:6   | Noticed a dire elephant
 20690 | Lair:6   | Reached skill level 10 in Invocations
 21449 | Lair:6   | Killed a dire elephant
 21737 | Lair:6   | Identified the +9 whip "Ahylokugra" {freeze, *Noise rF+
                  | SInv}
 22015 | Lair:6   | Got Kikubaaqudgh's Papyrus of Evil Arts
 22089 | Lair:6   | Killed a dire elephant
 22269 | D:10     | Entered Level 10 of the Dungeon
 22345 | D:10     | Found an ornate altar of the Wu Jian Council.
 22595 | D:10     | Found the +18 Lear's hauberk
 22904 | D:10     | Noticed Maurice
 22909 | D:10     | Killed Maurice
 23821 | D:11     | Found a staircase to the Orcish Mines.
 24133 | Orc:1    | Entered Level 1 of the Orcish Mines
 24350 | D:11     | Reached skill level 10 in Armour
 24722 | Orc:2    | Entered Level 2 of the Orcish Mines
 24771 | Orc:2    | Noticed Snorg
 24845 | Orc:1    | Killed Snorg
 24846 | Orc:1    | Reached skill level 10 in Stealth
 25591 | Orc:1    | Noticed Harold
 25609 | Orc:1    | Killed Harold
 25938 | Orc:2    | Reached XP level 15. HP: 95/117 MP: 28/28
 26692 | Orc:2    | Found a staircase to the Elven Halls.
 26705 | Orc:2    | Found a runed translucent door.
 26721 | Orc:2    | Reached skill level 10 in Short Blades
 26721 | Orc:2    | Reached skill level 10 in Long Blades
 26721 | Orc:2    | Reached skill level 10 in Axes
 26721 | Orc:2    | Reached skill level 10 in Maces & Flails
 26721 | Orc:2    | Reached skill level 10 in Polearms
 26721 | Orc:2    | Reached skill level 10 in Staves
 26721 | Orc:2    | Reached skill level 10 in Slings
 26721 | Orc:2    | Reached skill level 10 in Crossbows
 26721 | Orc:2    | Reached skill level 10 in Dodging
 26721 | Orc:2    | Reached skill level 10 in Shields
 26721 | Orc:2    | Reached skill level 10 in Unarmed Combat
 26721 | Orc:2    | Reached skill level 10 in Spellcasting
 26721 | Orc:2    | Reached skill level 10 in Evocations
 26911 | Orc:2    | Found the +10 tower shield of Ignorance {rN+ Int-4}
 26917 | Orc:2    | Found a runed translucent door.
 26949 | Orc:2    | Found Kuphiol's Weapon Boutique.
 26949 | Orc:2    | Found Weecaer's Book Emporium.
 26951 | Orc:2    | Found Tuimya's Antique Weapon Emporium.
 26951 | Orc:2    | Found Pockesi's Magic Scroll Boutique.
 27010 | Orc:2    | Bought an ancient trident for 221 gold pieces
 27010 | Orc:2    | Identified the +7 trident "Beoha" {flame, rF+} (You bought
                  | it in a shop on level 2 of the Orcish Mines)
 27209 | D:11     | Reached skill level 13 in Throwing
 27548 | D:12     | Noticed Erolcha
 27570 | D:12     | Killed Erolcha
 27678 | D:11     | Upgraded the game from 0.29-a0-617-g7a6b98fccd to
                  | 0.29-a0-653-gd47aff6735
 28237 | D:12     | Found a transporter.
 28239 | D:12     | Found a transporter.
 28240 | D:12     | Noticed Grwwl's ghost (journeyman GnWn)
 30494 | D:13     | Found a runed translucent door.
 30494 | D:13     | Noticed Ceso's ghost (journeyman MfGl)
 30506 | D:13     | Killed Ceso's ghost
 30508 | D:13     | Identified the ring "Wuozango" {rElec rPois MP+9 Str+3
                  | Dex-2}
 30751 | D:13     | Found a gate to the Vaults.
 30925 | D:14     | Found a stormy altar of Qazlal.
 31267 | D:14     | Found a portal to a secret trove of treasure.
 31784 | D:15     | Entered Level 15 of the Dungeon
 32270 | D:15     | Reached XP level 16. HP: 52/126 MP: 30/30
 33348 | D:15     | Found a staircase to the Depths.
 33786 | Spider:1 | Entered Level 1 of the Spider Nest
 33798 | Lair:3   | Slain by a spark wasp

Illustrated notes

Levels and vault maps discovered:
D:1:      lemuel_arrival_lava_pool, layout_basic, serial_shops, shop,
          dreamdust_ecumenical_altar_hidden_monk_grotto
D:2:      layout_rooms
D:3:      layout_loops_ring
D:4:      layout_rooms, kennysheep_generic_room_14, uniq_robin
D:5:      layout_gridville, chequers_temple_overflow_statue_of_worship,
          okawaru_ov_weapons_minmay, minmay_temple_entry_statues_pillars,
          gup_sewer_entry_bowl, uniq_crazy_yiuf_cottage
D:6:      layout_rooms, uniq_menkaure, uniq_grinder
D:7:      layout_basic, serial_shops, nicolae_take_the_stairs, minivault_10,
          grunt_ministairs_10
D:8:      layout_loops_ring, lair_entry_dummy, minmay_crystal_room,
          guppyfry_shop_venom
D:9:      layout_basic, chequers_serial_rivers_micro_d, grunt_potential
D:10:     layout_roguey, nicolae_wu_jian_wuxing_cycle, serial_rivers,
          chequers_serial_rivers_marsh, chequers_serial_rivers_small_a,
          chequers_serial_rivers_large_b, chequers_serial_rivers_room_a,
          chequers_serial_rivers_micro_d, chequers_serial_rivers_micro_e,
          hellmonk_guarded_unrand_lears, uniq_maurice
D:11:     layout_roguey, hiddenorc1_lemuel
D:12:     layout_loops_corners, gammafunk_ghost_hive, uniq_erolcha
D:13:     layout_cave_pods, david_vaults_2, gammafunk_ghost_grave
D:14:     layout_cross, trove_entry_hex_spiral,
          nicolae_qazlal_general_emergency, minivault_14,
          minmay_misc_feat_diagonals
D:15:     grunt_enter_depths_magical_seal, layout_gridville
Temple:   nicolae_temple_elliptical
Lair:1:   layout_concentric_octagons, infiniplex_staircase_pool_2,
          grunt_megastairs_4, serial_bayou_shore_b
Lair:2:   layout_chaotic_city, gammafunk_ghost_arena
Lair:3:   layout_hall_layers, dummy_spider_entry, maelrawn_ghost_gauntlet_escape
Lair:4:   layout_gridlike, shoals_dummy_entry, ebering_ghost_xom,
          dpeg_stationary_puzzle, grunt_megastairs_5, infiniplex_staircase_pool
Lair:5:   layout_regular_city, minmay_slime_entry_jelly_boxes
Lair:6:   due_jungle_book, layout_cave_pods
Spider:1: layout_spider_delve, nicolae_spider_orb_run
Orc:1:    layout_diamond_mine, uniq_harold
Orc:2:    grunt_orc_tribal_feast, layout_caves, basic_altar,
          chequers_guarded_unrand_ignorance, uniq_snorg

Skill      XL: |  1  2  3  4  5  6  7  8  9 10 11 12 13 14 15 16 |
---------------+-------------------------------------------------+-----
Invocations    | 1 2 3 4 5 6 7 8 9 10 11 | 11.6
Short Blades   | 1 2 3 4 5 6 7 8 9 10 | 10.7
Long Blades    | 1 2 3 4 5 6 7 8 9 10 | 10.7
Axes           | 1 2 3 4 5 6 7 8 9 10 | 10.7
Maces & Flails | 1 2 3 4 5 6 7 8 9 10 | 10.7
Polearms       | 1 2 3 4 5 6 7 8 9 10 | 10.7
Staves         | 1 2 3 4 5 6 7 8 9 10 | 10.7
Slings         | 1 2 3 4 5 6 7 8 9 10 | 10.7
Crossbows      | 1 2 3 4 5 6 7 8 9 10 | 10.7
Dodging        | 1 2 3 4 5 6 7 8 9 10 | 10.7
Shields        | 1 2 3 4 5 6 7 8 9 10 | 10.7
Unarmed Combat | 1 2 3 4 5 6 7 8 9 10 | 10.7
Spellcasting   | 1 2 3 4 5 6 7 8 9 10 | 10.7
Evocations     | 1 2 3 4 5 6 7 8 9 10 | 10.7
Conjurations   | 1 2 3 4 5 6 7 8 9 |  9.0
Hexes          | 1 2 3 4 5 6 7 8 9 |  9.0
Summonings     | 1 2 3 4 5 6 7 8 9 |  9.0
Necromancy     | 1 2 3 4 5 6 7 8 9 |  9.0
Translocations | 1 2 3 4 5 6 7 8 9 |  9.0
Transmutations | 1 2 3 4 5 6 7 8 9 |  9.0
Fire Magic     | 1 2 3 4 5 6 7 8 9 |  9.0
Ice Magic      | 1 2 3 4 5 6 7 8 9 |  9.0
Air Magic      | 1 2 3 4 5 6 7 8 9 |  9.0
Earth Magic    | 1 2 3 4 5 6 7 8 9 |  9.0
Poison Magic   | 1 2 3 4 5 6 7 8 9 |  9.0
Armour         | 3 4 5 6 7 8 9 10 11 | 11.0
Stealth        | 3 4 5 6 7 8 9 10 11 | 11.0
Fighting       | 5 6 7 8 9 10 11 | 11.6
Bows           | 5 6 7 8 9 10 11 | 11.6
Throwing       | 9 10 11 12 13 | 13.5

Action                   |  1- 3 |  4- 6 |  7- 9 | 10-12 | 13-15 | 16-18 || total
-------------------------+-------+-------+-------+-------+-------+-------++-------
Melee: War axe           |    18 |    41 |   109 |       |       |       ||   168
       Dagger            |     2 |       |       |       |       |       ||     2
       Bite              |     2 |     4 |    21 |    51 |   230 |    20 ||   328
       Spear             |       |     1 |    37 |       |       |       ||    38
       Quarterstaff      |       |       |    28 |   384 |  1063 |    88 ||  1563
       Punch             |       |       |     1 |       |    10 |     5 ||    16
       Hand axe          |       |       |       |    16 |    33 |       ||    49
       Broad axe         |       |       |       |       |    67 |    40 ||   107
 Fire: Shortbow          |   114 |    55 |   186 |   221 |   533 |       ||  1109
       Longbow           |       |       |       |       |    77 |    23 ||   100
Throw: Dart              |     2 |     5 |       |     1 |     5 |       ||    13
       Throwing net      |       |       |       |     1 |       |       ||     1
 Cast: Blink             |       |       |       |     3 |     2 |       ||     5
       Passwall          |       |       |       |       |     1 |       ||     1
Evoke: Wand              |       |       |     6 |     3 |     8 |       ||    17
  Use: Scroll            |       |     7 |     3 |    11 |    14 |       ||    35
       Potion            |       |       |     3 |     2 |     1 |       ||     6
 Stab: Sleeping          |       |       |       |       |     2 |       ||     2
Armor: Leather armour    |    19 |    13 |       |       |       |       ||    32
       Ring mail         |       |     1 |   116 |    18 |       |       ||   135
       Skin              |       |       |    13 |    17 |       |       ||    30
       Acid dragon scale |       |       |       |    12 |       |       ||    12
       Swamp dragon scal |       |       |       |   122 |   159 |       ||   281
       Chain mail        |       |       |       |       |   355 |    90 ||   445
Dodge: Dodged            |    32 |    20 |   162 |   258 |   767 |    88 ||  1327
Block: Other             |       |     5 |    76 |    81 |   241 |    38 ||   441
       Reflection        |       |       |       |     2 |     5 |     5 ||    12

Table legend: (Time is in decaauts)
 A = Elapsed time spent in this place.
 B = Non-inter-level travel time spent in this place.
 C = Inter-level travel time spent in this place.
 D = Time resting spent in this place.
 E = Time spent auto-exploring this place.
 F = Levels seen in this place.
 G = Mean time per level.
                   A        B        C        D        E       F      G
               +--------+--------+--------+--------+--------+-----+--------+
         Total |  33876 |  31609 |   2267 |   4124 |  20249 |  26 | 1302.9 |
       Dungeon |  17750 |  16480 |   1270 |   1981 |  11184 |  15 | 1183.3 |
        Temple |    147 |    121 |     26 |      0 |    109 |   1 |  147.0 |
          Lair |  12769 |  11941 |    828 |   1947 |   7162 |   6 | 2128.2 |
   Spider Nest |      4 |      4 |      0 |      0 |      0 |   1 |    4.0 |
  Orcish Mines |   2607 |   2465 |    142 |    196 |   1466 |   2 | 1303.5 |
         Sewer |    597 |    597 |      0 |      0 |    327 |   1 |  597.0 |
               +--------+--------+--------+--------+--------+-----+--------+

Top non-repeatable levels by time:
  Lair:6: 4425 daAuts
  Lair:5: 1868 daAuts
    D:12: 1853 daAuts
  Lair:1: 1847 daAuts
  Lair:3: 1811 daAuts
  Lair:2: 1797 daAuts
    D:15: 1778 daAuts
     D:5: 1635 daAuts
   Orc:2: 1606 daAuts
    D:11: 1555 daAuts
    D:13: 1519 daAuts
     D:7: 1303 daAuts
    D:10: 1248 daAuts
     D:3: 1214 daAuts
     D:8: 1162 daAuts
